[Event "20th Prague Open 2022"]
[Site "Prague"]
[Date "2022.01.13"]
[Round "8.7"]
[White "Van Osch, Mees"]
[Black "Carlsson, Ludvig"]
[Result "1/2-1/2"]
[ECO "C47"]
[WhiteElo "2364"]
[BlackElo "2355"]
[Annotator "ChessBase"]
[PlyCount "31"]
[EventDate "2022.01.07"]
[EventType "swiss"]
[EventCountry "CZE"]
[SourceTitle "playchess.com"]
[Source "ChessBase"]
[SourceQuality "1"]
[TimeControl "40/5400+30:1800+30"]

1. e4 e5 2. Nf3 Nc6 3. Nc3 Nf6 4. h3 d5 5. exd5 Nxd5 6. Bb5 Nxc3 7. bxc3 Bd6 8. O-O O-O 9. Re1 Qf6 10. d4 exd4 11. cxd4 a6 12. Bd3 Bf5 13. Rb1 Bxd3 14. Qxd3 b6 15. Bd2 Qg6 16. Qxg6 1/2-1/2

[Event "20th Prague Open 2022"]
[Site "Prague"]
[Date "2022.01.13"]
[Round "8.8"]
[White "Lim, Zhuo Ren"]
[Black "Vojta, Jakub"]
[Result "0-1"]
[ECO "D23"]
[WhiteElo "2311"]
[BlackElo "2289"]
[Annotator "ChessBase"]
[PlyCount "86"]
[EventDate "2022.01.07"]
[EventType "swiss"]
[EventCountry "CZE"]
[SourceTitle "playchess.com"]
[Source "ChessBase"]
[SourceQuality "1"]
[TimeControl "40/5400+30:1800+30"]

1. d4 Nf6 2. Nf3 d5 3. c4 dxc4 4. g3 g6 5. Bg2 Bg7 6. O-O O-O 7. Na3 Nc6 8. Nxc4 Be6 9. b3 Bd5 10. Bb2 a5 11. e3 a4 12. Qe2 Ra6 13. Rfd1 Qa8 14. Ncd2 Ne4 15. Ng5 a3 16. Ndxe4 axb2 17. Qxb2 Nd8 18. Nc3 Bxg2 19. Kxg2 b5+ 20. f3 b4 21. Na4 Qd5 22. Ne4 f5 23. Nec5 Ra5 24. Qe2 Nf7 25. Rac1 Nd6 26. Nd7 Rd8 27. Rc5 Rxc5 28. dxc5 Qc6 29. cxd6 Rxd7 30. dxe7 Rxe7 31. Rd8+ Kf7 32. Kf2 Bf6 33. Qd3 Kg7 34. Qd5 Qc1 35. Qg8+ Kh6 36. Qf8+ Kh5 37. g4+ fxg4 38. fxg4+ Kxg4 39. h3+ Kxh3 40. Qh6+ Bh4+ 41. Ke2 Qe1+ 42. Kd3 Qd1+ 43. Kc4 Qxd8 0-1

[Event "20th Prague Open 2022"]
[Site "Prague"]
[Date "2022.01.13"]
[Round "8.10"]
[White "Koubova, Anna Marie"]
[Black "Bochnicka, Vladimir"]
[Result "1-0"]
[ECO "A80"]
[WhiteElo "2148"]
[BlackElo "2222"]
[Annotator "ChessBase"]
[PlyCount "61"]
[EventDate "2022.01.07"]
[EventType "swiss"]
[EventCountry "CZE"]
[SourceTitle "playchess.com"]
[Source "ChessBase"]
[SourceQuality "1"]
[TimeControl "40/5400+30:1800+30"]

1. d4 f5 2. Nc3 Nf6 3. Bg5 e6 4. e4 fxe4 5. Nxe4 Be7 6. Bxf6 Bxf6 7. Nf3 O-O 8. Bd3 Nc6 9. Nxf6+ Qxf6 10. O-O b6 11. c3 Bb7 12. Qc2 g6 13. Be4 d5 14. Bd3 e5 15. Nxe5 Nxe5 16. dxe5 Qxe5 17. Rae1 Qf6 18. Re3 Rae8 19. Rfe1 Qf7 20. h4 Kg7 21. h5 Bc6 22. hxg6 hxg6 23. R1e2 g5 24. Rh3 Rh8 25. Qd2 Qf6 26. Rxe8 Bxe8 27. Rg3 Kh6 28. Qe3 Bd7 29. Rf3 Qd6 30. Rf7 c5 31. Qf3 1-0

[Event "20th Prague Open 2022"]
[Site "Prague"]
[Date "2022.01.13"]
[Round "8.11"]
[White "Jordanov, Mihail"]
[Black "Neuman, Petr"]
[Result "1/2-1/2"]
[ECO "B61"]
[WhiteElo "2193"]
[BlackElo "2402"]
[Annotator "ChessBase"]
[PlyCount "46"]
[EventDate "2022.01.07"]
[EventType "swiss"]
[EventCountry "CZE"]
[SourceTitle "playchess.com"]
[Source "ChessBase"]
[SourceQuality "1"]
[TimeControl "40/5400+30:1800+30"]

1. e4 c5 2. Nf3 d6 3. d4 cxd4 4. Nxd4 Nf6 5. Nc3 Nc6 6. Bg5 Bd7 7. Qd2 Rc8 8. Nxc6 bxc6 9. Bc4 h6 10. Bxf6 exf6 11. O-O Be7 12. Qd3 O-O 13. f4 f5 14. e5 d5 15. Bb3 Be6 16. Rad1 Qb6+ 17. Kh1 Rfd8 18. Qe2 a5 19. Na4 Qb7 20. Rfe1 c5 21. c4 d4 22. Bc2 g6 23. b3 Kg7 1/2-1/2

[Event "20th Prague Open 2022"]
[Site "Prague"]
[Date "2022.01.13"]
[Round "8.14"]
[White "Grutter, Tim"]
[Black "Acor, Corey"]
[Result "1/2-1/2"]
[ECO "C82"]
[WhiteElo "2194"]
[BlackElo "2303"]
[Annotator "ChessBase"]
[PlyCount "73"]
[EventDate "2022.01.07"]
[EventType "swiss"]
[EventCountry "CZE"]
[SourceTitle "playchess.com"]
[Source "ChessBase"]
[SourceQuality "1"]
[TimeControl "40/5400+30:1800+30"]

1. e4 e5 2. Nf3 Nc6 3. Bb5 a6 4. Ba4 Nf6 5. O-O Nxe4 6. d4 b5 7. Bb3 d5 8. dxe5 Be6 9. c3 Bc5 10. Qd3 O-O 11. Nbd2 Nxf2 12. Rxf2 Bxf2+ 13. Kxf2 f6 14. exf6 Qxf6 15. Kg1 Rad8 16. h3 Bf5 17. Qe2 h6 18. Ne4 Qg6 19. Nh4 Qe6 20. Ng3 Qxe2 21. Nxe2 Bd3 22. Nf4 Bc4 23. Nhg6 Rf6 24. Be3 Rdd6 25. Bc2 d4 26. cxd4 Nxd4 27. Bxd4 Rxd4 28. Re1 Rdxf4 29. Re8+ Rf8 30. Ne7+ Kh8 31. Ng6+ Kg8 32. Nxf8 Rxf8 33. Bh7+ Kf7 34. Bg6+ Kg8 35. Bh7+ Kf7 36. Bg6+ Kg8 37. Re1 1/2-1/2

[Event "20th Prague Open 2022"]
[Site "Prague"]
[Date "2022.01.13"]
[Round "8.16"]
[White "Ronce, Nathan"]
[Black "Macicek, Jakub"]
[Result "1/2-1/2"]
[ECO "D37"]
[WhiteElo "2171"]
[BlackElo "2250"]
[Annotator "ChessBase"]
[PlyCount "139"]
[EventDate "2022.01.07"]
[EventType "swiss"]
[EventCountry "CZE"]
[SourceTitle "playchess.com"]
[Source "ChessBase"]
[SourceQuality "1"]
[TimeControl "40/5400+30:1800+30"]

1. d4 Nf6 2. c4 e6 3. Nf3 d5 4. Nc3 Be7 5. Bf4 O-O 6. e3 c6 7. Bd3 Nbd7 8. c5 Nh5 9. O-O Nxf4 10. exf4 b6 11. b4 a5 12. a3 Ba6 13. Bxa6 Rxa6 14. Qd3 b5 15. Rfb1 a4 16. Re1 Bf6 17. Ne5 Qc7 18. g3 Raa8 19. h4 g6 20. Re2 Bg7 21. Rae1 Rae8 22. h5 Bxe5 23. dxe5 Kh8 24. Qd4 Kg7 25. Kg2 Rg8 26. Nb1 Kf8 27. Nd2 Ke7 28. Nf3 Kd8 29. Rh1 Nf8 30. Ree1 Kc8 31. hxg6 fxg6 32. Rh6 Rg7 33. Reh1 Kb7 34. Ng5 Ree7 35. Kf1 Ka6 36. Ke2 Kb7 37. Kd2 Qd7 38. Kc3 Qc7 39. Rd1 Ka6 40. Rdh1 Kb7 41. Kb2 Ka6 42. R1h4 Kb7 43. Nf3 Qd7 44. Rh1 Ref7 45. Qe3 Qe8 46. Kc2 Rc7 47. Ng5 Rce7 48. Qd4 Rc7 49. Kd2 Rce7 50. Ke2 Rc7 51. Kf1 Rce7 52. Kg2 Rc7 53. Rd1 Rce7 54. Qe3 Rc7 55. g4 Rce7 56. Nf3 Rc7 57. g5 Rce7 58. Rc1 Kb8 59. Nd4 Rb7 60. Nf3 Rbe7 61. Nh2 Qd7 62. Rd1 Qc7 63. Ng4 Kb7 64. Nf6 Kb8 65. Rd4 Kb7 66. Rh1 Ka6 67. Qh3 Kb7 68. Qh6 Ka7 69. Rhd1 Kb7 70. Rh1 1/2-1/2

[Event "20th Prague Open 2022"]
[Site "Prague"]
[Date "2022.01.13"]
[Round "8.19"]
[White "Goossens, Hanne"]
[Black "Matras, Ondrej"]
[Result "0-1"]
[ECO "C03"]
[WhiteElo "2133"]
[BlackElo "2223"]
[Annotator "ChessBase"]
[PlyCount "96"]
[EventDate "2022.01.07"]
[EventType "swiss"]
[EventCountry "CZE"]
[SourceTitle "playchess.com"]
[Source "ChessBase"]
[SourceQuality "1"]
[TimeControl "40/5400+30:1800+30"]

1. e4 e6 2. d4 d5 3. Nd2 a6 4. Ngf3 c5 5. dxc5 Bxc5 6. Bd3 Nf6 7. Qe2 Be7 8. exd5 exd5 9. Nd4 O-O 10. Nf5 Re8 11. O-O Bf8 12. Qf3 Nc6 13. Nb3 Ne5 14. Qg3 Kh8 15. Bg5 Nxd3 16. Qxd3 Qd7 17. Ne3 Ne4 18. Bf4 g5 19. Bg3 f5 20. Nxd5 f4 21. Rae1 fxg3 22. Rxe4 gxh2+ 23. Kxh2 Qd6+ 24. Kg1 Bf5 25. Rxe8 Bxd3 26. Rxa8 Bxf1 27. Kxf1 Qxd5 28. Rxf8+ Kg7 29. Re8 Qd1+ 30. Re1 Qxc2 31. Kg1 Qxb2 32. Re7+ Kg6 33. Rxb7 Qxa2 34. f3 a5 35. Rb6+ Kf7 36. Rb7+ Ke8 37. Nxa5 Qxa5 38. Rxh7 Qb6+ 39. Kh2 Qb8+ 40. g3 Qe5 41. Rh5 Kf7 42. Kh3 Qf5+ 43. Kg2 Qc2+ 44. Kh3 Kg6 45. Rh8 Qd1 46. Rg8+ Kh6 47. Rh8+ Kg7 48. Rh5 Kg6 0-1

[Event "20th Prague Open 2022"]
[Site "Prague"]
[Date "2022.01.13"]
[Round "8.20"]
[White "Michalczak, Thomas"]
[Black "Mach, Ondrej"]
[Result "1-0"]
[ECO "A47"]
[WhiteElo "2218"]
[BlackElo "1893"]
[Annotator "ChessBase"]
[PlyCount "81"]
[EventDate "2022.01.07"]
[EventType "swiss"]
[EventCountry "CZE"]
[SourceTitle "playchess.com"]
[Source "ChessBase"]
[SourceQuality "1"]
[TimeControl "40/5400+30:1800+30"]

1. d4 Nf6 2. Nf3 b6 3. Bg5 Ne4 4. Bh4 Bb7 5. Nbd2 d5 6. e3 Nxd2 7. Qxd2 c5 8. dxc5 bxc5 9. Bb5+ Bc6 10. Bxc6+ Nxc6 11. Rd1 Qb6 12. Qxd5 Rd8 13. Qb3 Rxd1+ 14. Kxd1 e6 15. Nd2 Qa6 16. Qc4 Qb7 17. Kc1 Bd6 18. Ne4 Be5 19. c3 O-O 20. Nxc5 Qc7 21. Bg3 Rd8 22. Rd1 Rxd1+ 23. Kxd1 Qd6+ 24. Ke2 Bxg3 25. hxg3 h6 26. b4 Qe5 27. Nd3 Qd6 28. Qc5 Qd7 29. a4 Ne7 30. b5 Nd5 31. Ne5 Qd8 32. e4 Nb6 33. a5 Na4 34. Qb4 Qg5 35. Qxa4 Qxe5 36. Qb4 Qg5 37. b6 Qc1 38. Qb3 axb6 39. axb6 Qa1 40. b7 Qa6+ 41. c4 1-0